 Dungeon Sprint DCSS version 0.24-a0-212-g90687ab (webtiles) character file.

Game seed: 146915728533146683

14305 TheOrbIsALie the Brawler (level 12, -6/81 HPs)
             Began as a Gargoyle Transmuter on Mar 29, 2019.
             Was the Champion of Okawaru.
             Mangled by Polyphemus (30 damage)
             ... in the Dungeon (Sprint VII: "The Pits").
             The game lasted 00:11:09 (2990 turns).

TheOrbIsALie the Brawler (Gargoyle Transmuter)      Turns: 2990, Time: 00:11:10

Health: -6/81      AC: 26    Str: 20    XL:     12   Next: 15%
Magic:  24/27      EV: 14    Int: 14    God:    Okawaru [******]
Gold:   35         SH:  0    Dex: 12    Spells: 27/33 levels left

rFire    . . .     SeeInvis .     - Unarmed
rCold    . . .     Gourm    .   (shield currently unavailable)
rNeg     + . .     Faith    .   s - +5 ring mail
rPois    ∞         Spirit   .   (no helmet)
rElec    +         Reflect  .   r - +0 cloak
rCorr    .         Harm     .   (gloves currently unavailable)
MR       .....     NoTele   +   (no boots)
Stlth    +.........             (no amulet)
HPRegen  0.23/turn              i - +3 ring of strength
MPRegen  0.20/turn              p - +3 ring of protection

@: blade hands (expiring)
A: negative energy resistance 1, electricity resistance, unbreathing,
petrification resistance, rot immunity, AC +8
a: End Transformation, Heroism, Finesse, Renounce Religion


You were in the Dungeon.
You worshipped Okawaru.
Okawaru was exalted by your worship.
You were not hungry.
You had blades for hands.
You visited 1 branch You collected 35 gold pieces.

Inventory:

Missiles
 a - 36 arrows
Armour
 b - a +0 robe
 q - a +0 pair of gloves (melded)
 r - a +0 cloak (worn)
 s - a +5 ring mail (worn)
 t - a +4 scale mail
Jewellery
 i - a +3 ring of strength (left scythe-like blade)
 p - a +3 ring of protection (right scythe-like blade)
 v - the ring of Minan {*Contam +Blink MP+9 Str+6}
   (You found it in the Dungeon)

   [ring of magical power]

   It affects your strength (+6).
   It affects your magic capacity (+9).
   It lets you blink.
   It causes magical contamination when unequipped.
 w - a +3 ring of strength
 y - an uncursed ring of protection from cold
 E - an uncursed ring of see invisible
Scrolls
 j - 3 scrolls of blinking
 l - 4 scrolls of remove curse
 m - 5 scrolls of amnesia
 n - a scroll of summoning
 u - a scroll of fog
 A - 2 scrolls of enchant weapon
 B - a scroll of identify
 C - 2 scrolls of fear
 D - 2 scrolls of enchant armour
Potions
 c - 4 potions of agility
 e - 8 potions of curing
 f - 6 potions of heal wounds
 g - 3 potions of haste
 h - 4 potions of magic
 k - 2 potions of invisibility
 o - 3 potions of berserk rage
 x - 2 potions of brilliance
 z - a potion of resistance
Comestibles
 d - 8 rations


   Skills:
 * Level 12.1 Fighting
 - Level 14.0 Armour
 - Level 5.6 Dodging
 - Level 0.1 Stealth
 + Level 16.1 Unarmed Combat
 + Level 11.0 Spellcasting
 - Level 9.4 Transmutations
 - Level 9.0 Invocations


You had 27 spell levels left.
You knew the following spells:

 Your Spells              Type           Power        Failure   Level  Hunger
a - Beastly Appendage     Tmut           ####..       10%         1    None
b - Blade Hands           Tmut           ####......   41%         5    #####..

Your spell library contained the following spells:

 Spells                   Type           Power        Failure   Level  Hunger
 Sticks to Snakes         Tmut           ####....     11%         2    None
 Spider Form              Tmut/Pois      ###.......   36%         3    None
 Ice Form                 Ice/Tmut       ###.....     63%         4    ###....


Dungeon Overview and Level Annotations

Branches:
Dungeon (1/1)

Altars:
Ashenzari
Cheibriados
Dithmenos
Elyvilon
Fedhas
Gozag
Hepliaklqana
Kikubaaqudgha
Makhleb
Nemelex Xobeh
Okawaru
Qazlal
Ru
Sif Muna
Trog
Uskayaw
Vehumet
Wu Jian
Xom
Yredelemnul
Zin
The Shining One
Beogh
Jiyva
Lugonu

Annotations:
D Polyphemus


Innate Abilities, Weirdness & Mutations

You are resistant to torment.
Your stone body is resilient. (AC +8)
You are immune to poison.
You resist negative energy. (rN+)
You are resistant to electric shocks. (rElec)
You can survive without breathing.
You are immune to petrification.
You are immune to rotting.


Message History

You hit Polyphemus.
Polyphemus is moderately wounded.
Polyphemus hits you!!
* * * LOW HITPOINT WARNING * * *
Polyphemus hits you.
* * * LOW HITPOINT WARNING * * *
You feel much better.
Polyphemus hits you but does no damage. x2
You slice Polyphemus!!
Polyphemus is heavily wounded.
Polyphemus hits you but does no damage. Polyphemus hits you!
* * * LOW HITPOINT WARNING * * *
You slice Polyphemus!!
Polyphemus is severely wounded.
You shred Polyphemus!!!
Polyphemus is almost dead.
Polyphemus hits you but does no damage. Polyphemus closely misses you.
You hit Polyphemus but do no damage.
Polyphemus is almost dead.
Polyphemus hits you!!
You die...

########################
.................C......
..............((@.......
#############++#########


You could see Polyphemus.

Vanquished Creatures
  An emperor scorpion (D)
  A great orb of eyes (D)
  2 alligator snapping turtles (D)
  A sixfirhy (D)
  A sea snake (D)
  A lindwurm (D)
  3 orc knights (D)
  A deep elf mage (D)
  An orc sorcerer (D)
  A gargoyle (D)
  A freezing wraith (D)
  A komodo dragon (D)
  An ice devil (D)
  A hellwing (D)
  A troll (D)
  A hornet (D)
  11 dream sheep (D)
  A hippogriff (D)
  A bog body (D)
  A flying skull (D)
  A spriggan (D)
  A tarantella (D)
  6 yaks (D)
  2 hungry ghosts (D)
  4 vampire mosquitoes (D)
  An orc warrior (D)
  2 swamp drakes (D)
  An ice beast (D)
  A phantom (D)
  A black bear (D)
  An ogre (D)
  2 eyes of draining (D)
  A bullfrog (D)
  5 killer bees (D)
  2 crimson imps (D)
  An iron imp (D)
  2 orc priests (D)
  2 jellies (D)
  2 gnoll shamans (D)
  A hell rat (D)
  2 worker ants (D)
  2 mummies (D)
  6 gnolls (D)
  An adder (D)
  A river rat (D)
  An ufetubus (D)
  2 oozes (D)
  2 worms (D)
  4 orcs (D)
  3 giant cockroaches (D)
  4 jackals (D)
  A kobold (D)
  A giant cockroach zombie (D)
102 creatures vanquished.

Notes
Turn   | Place    | Note
-------+----------+-------------------------------------------
     0 | D        | TheOrbIsALie the Gargoyle Transmuter began the quest for
                  | the Orb.
     0 | D        | Reached XP level 1. HP: 12/12 MP: 3/3
     9 | D        | Noticed a worker ant
    14 | D        | Killed a worker ant
    14 | D        | Reached skill level 5 in Unarmed Combat
    14 | D        | Reached XP level 2. HP: 11/16 MP: 2/5
    44 | D        | Found a bloodstained altar of Trog.
    44 | D        | Found a deep blue altar of Sif Muna.
    44 | D        | Found a viscous altar of Jiyva.
    44 | D        | Found a hazy altar of Hepliaklqana.
    44 | D        | Found an opulent altar of Gozag.
    45 | D        | Found a glowing golden altar of the Shining One.
    45 | D        | Found a glowing silver altar of Zin.
    45 | D        | Found a basalt altar of Yredelemnul.
    45 | D        | Found a shimmering altar of Xom.
    45 | D        | Found an ornate altar of the Wu Jian Council.
    45 | D        | Found a sacrificial altar of Ru.
    45 | D        | Found a stormy altar of Qazlal.
    45 | D        | Found an iron altar of Okawaru.
    45 | D        | Found a sparkling altar of Nemelex Xobeh.
    45 | D        | Found a burning altar of Makhleb.
    45 | D        | Found a blossoming altar of Fedhas.
    45 | D        | Found a white marble altar of Elyvilon.
    45 | D        | Found a shadowy altar of Dithmenos.
    45 | D        | Found a snail-covered altar of Cheibriados.
    46 | D        | Found a radiant altar of Vehumet.
    46 | D        | Found a corrupted altar of Lugonu.
    46 | D        | Found a roughly hewn altar of Beogh.
    47 | D        | Found an ancient bone altar of Kikubaaqudgha.
    47 | D        | Found a hide-covered altar of Uskayaw.
    47 | D        | Found a shattered altar of Ashenzari.
    53 | D        | Became a worshipper of Warmaster Okawaru
   114 | D        | Reached XP level 3. HP: 10/20 MP: 4/7
   431 | D        | Reached skill level 6 in Unarmed Combat
   431 | D        | Reached XP level 4. HP: 15/25 MP: 6/9
   629 | D        | Reached skill level 7 in Unarmed Combat
   632 | D        | Noticed a hungry ghost
   638 | D        | Reached skill level 8 in Unarmed Combat
   638 | D        | Reached XP level 5. HP: 21/29 MP: 8/10
   646 | D        | Reached skill level 9 in Unarmed Combat
   650 | D        | Noticed a hungry ghost
   667 | D        | Killed a hungry ghost
   667 | D        | Reached * piety under Okawaru
   667 | D        | Reached skill level 11 in Unarmed Combat
   667 | D        | Reached XP level 6. HP: 32/34 MP: 9/11
   691 | D        | Killed a hungry ghost
   691 | D        | Reached skill level 13 in Unarmed Combat
   703 | D        | Reached XP level 7. HP: 20/38 MP: 12/12
   859 | D        | Reached ** piety under Okawaru
   876 | D        | Noticed an orc knight
   885 | D        | Killed an orc knight
   885 | D        | Reached XP level 8. HP: 37/56 MP: 10/13
  1051 | D        | Noticed an orc sorcerer
  1051 | D        | Noticed an orc knight
  1057 | D        | Reached skill level 1 in Armour
  1069 | D        | Killed an orc sorcerer
  1069 | D        | Reached *** piety under Okawaru
  1090 | D        | Killed an orc knight
  1090 | D        | Reached XP level 9. HP: 35/62 MP: 11/14
  1231 | D        | Noticed a komodo dragon
  1239 | D        | Reached **** piety under Okawaru
  1244 | D        | Killed a komodo dragon
  1390 | D        | Noticed a deep elf mage
  1391 | D        | Noticed a freezing wraith
  1399 | D        | Killed a deep elf mage
  1399 | D        | Reached skill level 5 in Dodging
  1407 | D        | Reached XP level 10. HP: 62/68 MP: 13/15
  1429 | D        | Reached skill level 5 in Spellcasting
  1591 | D        | Reached skill level 5 in Transmutations
  1608 | D        | Reached ***** piety under Okawaru
  1771 | D        | Noticed a gargoyle
  1774 | D        | Noticed an orc knight
  1779 | D        | Killed a gargoyle
  1803 | D        | Killed an orc knight
  2070 | D        | Noticed an alligator snapping turtle
  2072 | D        | Noticed a great orb of eyes
  2082 | D        | Killed an alligator snapping turtle
  2082 | D        | Received a gift from Okawaru
  2082 | D        | Reached XP level 11. HP: 72/72 MP: 20/24
  2113 | D        | Paralysed by a great orb of eyes for 5 turns
  2124 | D        | Paralysed by a great orb of eyes for 7 turns
  2133 | D        | Killed a great orb of eyes
  2333 | D        | Reached skill level 10 in Fighting
  2333 | D        | Reached skill level 10 in Spellcasting
  2379 | D        | Noticed a lindwurm
  2379 | D        | Noticed an alligator snapping turtle
  2389 | D        | Learned a level 5 spell: Blade Hands
  2393 | D        | Killed a lindwurm
  2393 | D        | Reached ****** piety under Okawaru
  2393 | D        | Reached skill level 14 in Unarmed Combat
  2400 | D        | Killed an alligator snapping turtle
  2406 | D        | Noticed a sea snake
  2553 | D        | Killed a sea snake
  2553 | D        | Received a gift from Okawaru
  2577 | D        | Got the ring of Minan {*Contam +Blink MP+9 Str+6}
  2735 | D        | Reached skill level 15 in Unarmed Combat
  2765 | D        | Noticed a sixfirhy
  2774 | D        | Killed a sixfirhy
  2849 | D        | Noticed an emperor scorpion
  2854 | D        | Reached XP level 12. HP: 74/80 MP: 20/26
  2864 | D        | Killed an emperor scorpion
  2864 | D        | Reached skill level 16 in Unarmed Combat
  2974 | D        | Noticed Polyphemus
  2990 | D        | Mangled by Polyphemus

Levels and vault maps discovered:
D:        pitsprint [storerooms_1, entrance_room_1, metal_vault_1, armoury_3,
          mini_pit_1, grid_room_1, main_hall_1, silver_pit, the_coven_3,
          the_vestibule_1, steel_vault_4, golden_pit, hallway_of_sentries,
          crystal_vault_4, iron_vault_4, final_vault]

Skill      XL: |  1  2  3  4  5  6  7  8  9 10 11 12 |
---------------+-------------------------------------+-----
Dodging        | 2 3 5 |  5.6
Unarmed Combat | 5 6 8 11 13 15 16 | 16.1
Transmutations | 2 3 7 9 |  9.4
Spellcasting   | 3 9 10 11 | 11.0
Fighting       | 9 11 12 | 12.1
Armour         | 11 14 | 14.0
Invocations    | 6 9 |  9.0
Stealth        | |  0.1

Action                   |  1- 3 |  4- 6 |  7- 9 | 10-12 || total
-------------------------+-------+-------+-------+-------++-------
Melee: Unarmed           |    29 |    61 |    86 |   236 ||   412
       Headbutt          |     2 |     1 |     2 |     1 ||     6
       Kick              |     4 |     6 |       |    21 ||    31
       Punch             |       |     1 |     5 |    14 ||    20
 Cast: Beastly Appendage |     6 |     3 |     1 |     4 ||    14
       Blade Hands       |       |       |       |     5 ||     5
Invok: Heroism           |       |       |     5 |     7 ||    12
  Use: Potion            |       |     1 |     4 |     7 ||    12
  Eat: Ration            |       |     1 |       |     1 ||     2
       Chunk             |       |     5 |     3 |     4 ||    12
Armor: Robe              |     9 |       |       |       ||     9
       Scale mail        |       |    24 |    12 |       ||    36
       Ring mail         |       |       |    14 |   113 ||   127
Dodge: Dodged            |    22 |    15 |    39 |   108 ||   184

Table legend:
 A = Non-vault XP
 B = Vault XP
 C = Vault XP percentage of total XP
 D = Non-vault monster count
 E = Vault monster count
 F = Vault count percentage of total count
                 A         B        C        D         E       F
            +---------+---------+-------+---------+---------+-------
      Total |       0 |   20436 | 100.0 |       0 |     102 | 100.0
            +---------+---------+-------+---------+---------+-------
          D |       0 |   20436 | 100.0 |       0 |     102 | 100.0
            +---------+---------+-------+---------+---------+-------
